 Dungeon Crawl Stone Soup version 0.19.1-28-ge1247f7 (webtiles) character file.

195952 nono the Fencer (level 19, -10/124 HPs)
             Began as a Halfling Assassin on Jan 21, 2017.
             Was a Follower of Uskayaw.
             Hit by a large rock thrown by Polyphemus (16 damage)
             ... on level 2 of the Shoals on Jan 22, 2017.
             The game lasted 03:40:36 (40652 turns).

nono the Fencer (Halfling Assassin)                Turns: 40652, Time: 03:40:36

Health: -10/124    AC: 28    Str: 17    XL:     19   Next: 5%
Magic:  29/29      EV:  3    Int: 13    God:    Uskayaw [*.....]
Gold:   1058       SH:  0    Dex: 16    Spells: 2 memorised, 19 levels left

rFire  . . .     SeeInvis .     N - +3 scimitar (flame)
rCold  + . .     Gourm    .     Y - +3 chain mail {rC+}
rNeg   + + +     Faith    .     y - +3 warlock's mirror {reflect}
rPois  ∞         Spirit   .     p - +2 hat {Int+3}
rElec  .         Reflect  +     d - +1 cloak
rCorr  .         Harm     .     Q - +3 pair of gauntlets of War {Slay+5}
MR     +....                    z - +1 pair of boots
Stlth  ..........               P - brooch of Shielding {Reflect SH+8}
                                C - ring of flight
                                O - ring of poison resistance

@: petrified
A: clumsy 1, mutation resistance 1
a: Stomp, Renounce Religion, Evoke Flight
}: 1/15 runes: gossamer


You were on level 2 of the Shoals.
You worshipped Uskayaw.
Uskayaw was pleased with you.
You were not hungry.

You visited 6 branches of the dungeon, and saw 30 of its levels.
You also visited: Labyrinth, Trove, Sewer and Bailey.

You collected 2516 gold pieces.
You spent 1458 gold pieces at shops.

Inventory:

Hand Weapons
 a - a +2 dagger of electrocution
 b - a +0 dagger of venom
 c - the +4 hunting sling of the Three Wonders {venom, rC+ Str+2 Int+8}
   (You found it on level 2 of the Lair of Beasts)

   It poisons the ammo it fires.
   It affects your strength (+2).
   It affects your intelligence (+8).
   It protects you from cold.
 w - a +6 blowgun
 J - the +6 long sword "Siontoaf" {slice, MR+}
   (You found it on level 3 of the Lair of Beasts)

   It inflicts extra damage upon your enemies.
   It affects your resistance to hostile enchantments.
 N - a +3 scimitar of flaming (weapon)
Missiles
 f - 8 curare-tipped needles
 S - 69 tomahawks of returning (quivered)
Armour
 d - a +1 cloak (worn)
 h - +0 ice dragon scales
 p - a +2 hat of intelligence (worn)
 y - the +3 warlock's mirror (worn) {reflect}
   (You found it on level 4 of the Lair of Beasts)
 z - a +1 pair of boots (worn)
 Q - the +3 pair of gauntlets of War (worn) {Slay+5}
   (You bought it in a shop on level 2 of the Orcish Mines)

   It affects your accuracy and damage with ranged weapons and melee attacks
   (+5).
 R - a +4 chain mail of fire resistance
 Y - a +3 chain mail of cold resistance (worn)
Jewellery
 i - an uncursed ring of ice
 C - a ring of flight (right hand)
 K - a +3 ring of protection
 O - a ring of poison resistance (left hand)
 P - the brooch of Shielding (around neck) {Reflect SH+8}
   (You bought it in a shop on level 2 of the Orcish Mines)

   [amulet of reflection]

   It shields you and reflects attacks.
   It affects your SH (+8).
Wands
 v - a wand of hasting (2/9)
 D - a wand of lightning (6/15)
 I - a wand of digging (12/24)
 M - a wand of disintegration (8/24)
 U - a wand of acid (8/15)
 W - a wand of confusion (0/48)
 X - a wand of teleportation (4/9)
Scrolls
 k - 3 scrolls of teleportation
 l - 3 scrolls of recharging
 m - 7 scrolls of enchant armour
 n - 3 scrolls of fear
 r - 6 scrolls of remove curse
 t - 6 scrolls of enchant weapon
 u - a scroll of fog
 A - 4 scrolls of brand weapon
 E - 3 scrolls of magic mapping
 F - 3 scrolls of blinking
 T - 3 scrolls of identify
Potions
 e - 2 potions of agility
 j - 2 potions of might
 o - 8 potions of curing
 x - 2 potions of haste
 B - 4 potions of flight
 H - 2 potions of heal wounds
 L - 4 potions of magic
 Z - 2 potions of cure mutation
Books
 V - a book of Spatial Translocations

   Spells                             Type                      Level
   a - Blink                          Translocation                2
   b - Shroud of Golubria             Charms/Translocation         2
   c - Lesser Beckoning               Translocation                3
   d - Portal Projectile              Translocation                3
   e - Teleport Other                 Translocation                3
   f - Passage of Golubria            Translocation                4
Comestibles
 g - 16 bread rations
 q - 26 fruits
 s - 16 meat rations
 G - 18 beef jerkies


   Skills:
 + Level 9.3 Fighting
 - Level 2.4(12.2) Short Blades
 - Level 15.2(15.3) Long Blades
 - Level 6.3(6.7) Slings
 - Level 2.0(3.4) Throwing
 - Level 15.0 Armour
 - Level 13.3 Dodging
 - Level 6.1 Stealth
 - Level 13.1 Shields
 - Level 2.1 Spellcasting
 - Level 7.0 Translocations
 - Level 14.1 Invocations


You had 19 spell levels left.
You knew the following spells:

 Your Spells              Type           Power        Failure   Level  Hunger
a - Apportation           Tloc           ###.......   12%         1    ##.....
b - Blink                 Tloc           N/A          17%         2    ###....


Dungeon Overview and Level Annotations

Branches:
Dungeon (15/15)            Temple (1/1) D:6            Lair (6/6) D:10
 Shoals (2/4) Lair:3       Spider (4/4) Lair:3        Slime (0/5) Lair:5
    Orc (2/2) D:12            Elf (0/3) Orc:2        Vaults (0/5) D:13
 Depths (0/5) D:15

Altars:
Ashenzari
Cheibriados
Elyvilon
Fedhas
Gozag
Kikubaaqudgha
Makhleb
Nemelex Xobeh
Qazlal
Ru
Sif Muna
Trog
Uskayaw
Vehumet
Yredelemnul
Zin
The Shining One
Beogh
Jiyva

Shops:
D:12 *:   Orc:2 [*=%

Annotations:
D:3 3 exclusions
Shoals:2 Polyphemus


Innate Abilities, Weirdness & Mutations

You are small and have problems with some larger weapons.
You are somewhat resistant to further mutation.
You are clumsy. (Dex -2)


Message History

You have turned to stone.
You are engulfed in calcifying dust.
The catoblepas gores you!
You are engulfed in calcifying dust.
Your surroundings suddenly seem different.
Splash!
You fall into the shallow water.
Moving in this stuff is going to be slow.
Polyphemus the Watchful Shepherd comes into view.
Polyphemus shouts, "Attack, my pets!
Attack!"
Found a leather armour.
Polyphemus throws a large rock.
The large rock hits you!!
You hear a splash.
Polyphemus throws a large rock.
The large rock hits you!!
* * * LOW HITPOINT WARNING * * *
You hear a splash.
Polyphemus throws a large rock.
The large rock hits you!!
* * * LOW HITPOINT WARNING * * *
You hear a splash.
Polyphemus throws a large rock.
The large rock hits you!!
You die...

≈ ≈ .........≈≈≈≈≈≈ .
....8....≈≈≈≈≈≈ ...
........≈≈≈≈≈≈≈ ....
.[......≈≈≈≈≈≈≈ .....
........≈≈≈≈≈≈C .....
.......≈≈≈≈≈≈≈≈ ..[#
......≈≈≈≈≈≈≈≈≈
...###........≈≈@≈≈≈≈≈≈≈
≈≈...≈≈.......≈≈≈≈≈≈≈≈≈≈
≈≈......##...≈≈≈≈≈≈≈≈≈≈≈
.≈...........≈≈≈≈≈≈≈≈≈≈≈
....≈≈......≈≈≈≈≈≈≈≈≈≈≈≈
##.≈≈≈..≈≈≈≈≈≈≈≈≈≈≈≈≈≈≈≈
#..≈.Y.§≈≈≈≈≈≈≈≈≈≈≈≈≈≈≈
##....#.≈≈≈≈≈≈≈≈≈≈≈≈≈≈≈≈
...≈Y##..≈≈≈≈≈


You could see Polyphemus.

Vanquished Creatures
  Rupert (Spider:1)
  A kraken (Shoals:1)
  Frances (Shoals:1)
  Kirke (D:14)
  Aizul (Shoals:1)
  2 ghost moths
  An orc warlord (Orc:2)
  4 emperor scorpions
  Louise (Spider:4)
  2 entropy weavers
  Azrael (D:14)
  2 spark wasps (Spider:4)
  2 merfolk javelineers (Shoals:1)
  A minotaur (Lab)
  4 merfolk impalers
  Harold (D:11)
  Fannar (Lair:3)
  Erolcha (Orc:1)
  A merfolk avatar (Shoals:1)
  A catoblepas (D:15)
  Erica (Lair:1)
  A centaur warrior (D:13)
  11 hydras
  The ghost of markt42 the Cleaver, a novice HOFi of Okawaru (D:8)
  8 death scarabs (Spider:4)
  A merfolk aquamancer (Shoals:2)
  9 orc high priests (Orc:2)
  Nergalle (Orc:1)
  A deep elf knight (D:13)
  Sonja (D:12)
  4 sea snakes
  A skeletal warrior (D:13)
  2 spectral emperor scorpions (Spider:4)
  2 wizards
  3 hill giants
  3 spectral wolf spiders (Spider:4)
  The ghost of TuxedoFelix the Covered, a novice MiFi (D:6)
  3 orc knights
  2 wolf spider zombies (Spider:4)
  26 wolf spiders
  16 orb spiders
  9 ugly things
  3 manticores
  4 fauns
  5 moths of wrath
  3 cyclopes
  3 orc sorcerers (Orc:2)
  5 deep elf magi
  5 sirens
  8 elephants
  2 water nymphs (Shoals:2)
  3 black mambas
  Psyche (D:11)
  A gargoyle (D:14)
  3 torpor snails
  11 spiny frogs
  12 demonic crawlers
  A rime drake (Lair:5)
  4 spectral redbacks (Spider:4)
  12 komodo dragons
  A yaktaur (D:13)
  A kobold demonologist (D:13)
  A tengu conjurer (D:14)
  A minotaur zombie (Lab)
  9 merfolk
  3 trolls
  A merfolk (shapeshifter) (D:14)
  10 polar bears
  8 slime creatures
  25 jumping spiders
  2 snapping turtles (Shoals:2)
  4 hornets
  3 two-headed ogres
  2 raiju (Lair:6)
  3 spectral tarantellas (Spider:4)
  2 tarantella zombies (Spider:4)
  17 blink frogs
  3 spectral jumping spiders (Spider:4)
  12 hippogriffs
  65 redbacks
  6 water elementals
  A centaur simulacrum (D:15)
  2 wraiths
  44 tarantellas
  A human (D:10)
  67 yaks
  4 basilisks
  7 wyverns
  6 fire elementals (D:14)
  4 hogs
  Grum (D:9)
  9 vampire mosquitoes (D:14)
  3 steam dragons
  A mottled dragon (D:8)
  16 wargs
  10 hell hounds
  2 spectral hornets (Spider:4)
  12 water moccasins
  6 porcupines
  24 orc warriors
  An ice beast (shapeshifter) (D:15)
  A phantom (D:12)
  7 sky beasts
  A necrophage (D:13)
  16 black bears
  12 wolves
  11 ogres
  11 centaurs
  12 crocodiles
  3 big kobolds
  21 bullfrogs
  2 elf zombies (D:13)
  2 gnoll sergeants
  2 wyvern zombies
  5 scorpions
  A troll zombie (D:13)
  20 killer bees
  A troll skeleton (Lab)
  11 wights
  2 howler monkeys (D:5)
  6 crimson imps
  A quasit (D:13)
  3 centaur zombies
  3 human zombies (D:13)
  21 hounds
  10 centaur skeletons
  2 bullfrog skeletons
  3 jellies
  46 orc priests
  7 iguanas
  11 worker ants
  4 hell rats (Lair:4)
  A human skeleton (D:13)
  18 orc wizards
  An ogre skeleton (Lab)
  A hound zombie (D:9)
  A hound skeleton (D:5)
  A mummy (D:13)
  A howler monkey zombie (D:7)
  26 gnolls
  9 adders
  2 shadow imps
  An ooze (D:3)
  An adder zombie (D:9)
  4 worms
  A dart slug (D:1)
  8 leopard geckos
  133 orcs
  10 ball pythons
  12 bats
  10 giant cockroaches
  12 goblins
  14 hobgoblins
  18 jackals
  38 kobolds
  4 quokkas
  6 frilled lizards
  A jackal zombie (D:8)
  A leopard gecko zombie (D:8)
  An orc skeleton (D:13)
  2 quokka skeletons
  5 rats
  A spectral orc (D:6)
  A plant (Lair:6)
  5 tentacles (Shoals:1)
1231 creatures vanquished.

Vanquished Creatures (others)
  A merfolk javelineer (Shoals:2)
  A centaur warrior (D:14)
  A satyr (Shoals:2)
  A centaur zombie (D:14)
  A yaktaur (D:13)
  2 redbacks (Spider:3)
  3 humans (D:14)
  3 centaurs
  An orc priest (Orc:2)
  24 fungi
  19 plants
  5 tentacles (Shoals:1)
62 creatures vanquished.

Grand Total: 1293 creatures vanquished

Notes
Turn   | Place    | Note
-------+----------+-------------------------------------------
     0 | D:1      | nono the Halfling Assassin began the quest for the Orb.
     0 | D:1      | Reached XP level 1. HP: 14/14 MP: 1/1
   173 | D:1      | Reached XP level 2. HP: 18/19 MP: 2/2
   749 | D:1      | Reached skill level 1 in Armour
   749 | D:1      | Reached XP level 3. HP: 22/24 MP: 3/3
   768 | D:1      | Reached skill level 5 in Stealth
   970 | D:2      | Found a white marble altar of Elyvilon.
  1215 | D:2      | Reached XP level 4. HP: 18/29 MP: 4/4
  2187 | D:3      | Found a snail-covered altar of Cheibriados.
  2187 | D:3      | Found a faded altar of an unknown god.
  2192 | D:3      | Found a faded altar of an unknown god.
  2194 | D:3      | Found a glowing golden altar of the Shining One.
  2195 | D:3      | Found a faded altar of an unknown god.
  2277 | D:3      | Reached XP level 5. HP: 30/34 MP: 5/5
  2700 | D:4      | Noticed an ogre
  2723 | D:4      | Killed an ogre
  2723 | D:4      | Reached XP level 6. HP: 16/39 MP: 6/6
  2903 | D:4      | Found a glowing drain.
  2938 | Sewer    | Entered a sewer
  3628 | D:4      | Reached skill level 1 in Long Blades
  3659 | D:4      | Reached XP level 7. HP: 40/44 MP: 7/7
  4032 | D:5      | Entered Level 5 of the Dungeon
  4034 | D:5      | Found an opulent altar of Gozag.
  4963 | D:5      | Found a sparkling altar of Nemelex Xobeh.
  5275 | D:5      | Reached XP level 8. HP: 34/49 MP: 8/8
  5369 | D:5      | Reached skill level 5 in Dodging
  5415 | D:5      | Reached skill level 5 in Armour
  6410 | D:6      | Noticed TuxedoFelix's ghost (novice MiFi)
  6430 | D:6      | Killed TuxedoFelix's ghost
  6430 | D:6      | Reached skill level 5 in Long Blades
  6430 | D:6      | Reached XP level 9. HP: 31/54 MP: 9/9
  6721 | D:6      | Found a staircase to the Ecumenical Temple.
  6732 | Temple   | Entered the Ecumenical Temple
  6834 | Temple   | Became a worshipper of Uskayaw the Reveler
  6879 | D:6      | Reached * piety under Uskayaw
  6891 | D:6      | Reached ** piety under Uskayaw
  7239 | D:6      | Found a basalt altar of Yredelemnul.
  7357 | D:6      | Reached *** piety under Uskayaw
  7659 | D:7      | Found a shattered altar of Ashenzari.
  7749 | D:7      | Found a flagged portal.
  7773 | Bailey   | Entered a bailey
  8025 | Bailey   | Reached skill level 1 in Invocations
  9583 | D:8      | Reached XP level 10. HP: 60/60 MP: 11/11
  9612 | D:8      | Noticed markt42's ghost (novice HOFi)
 10319 | D:8      | Killed markt42's ghost
 10669 | D:8      | Reached **** piety under Uskayaw
 12051 | D:9      | Reached skill level 5 in Invocations
 12098 | D:9      | Reached XP level 11. HP: 57/64 MP: 14/14
 12530 | D:9      | Noticed Grum
 12534 | D:9      | Killed Grum
 12541 | D:9      | Reached ***** piety under Uskayaw
 13121 | D:10     | Entered Level 10 of the Dungeon
 13192 | D:10     | Found a staircase to the Lair.
 13192 | D:10     | Noticed an elephant
 13216 | D:10     | Killed an elephant
 13310 | D:10     | Found a portal to a secret trove of treasure.
 13915 | D:10     | Reached skill level 10 in Dodging
 14002 | D:10     | Found a sacrificial altar of Ru.
 14029 | D:10     | Reached skill level 10 in Armour
 14140 | Lair:1   | Entered Level 1 of the Lair of Beasts
 14179 | Lair:1   | Noticed Erica
 14192 | Lair:1   | Killed Erica
 14409 | Lair:1   | Noticed a faun
 14423 | Lair:1   | Killed a faun
 14665 | Lair:1   | Noticed a five-headed hydra
 14676 | Lair:1   | Killed a one-headed hydra
 14676 | Lair:1   | Reached XP level 12. HP: 56/70 MP: 17/17
 15035 | Lair:2   | Got a faintly glowing hunting sling
 15037 | Lair:2   | Identified the +4 hunting sling of the Three Wonders {venom, rC+ Str+2 Int+8} (You found it on level 2 of the Lair of Beasts)
 15221 | D:10     | You paid a toll of 7 potions of agility to enter a treasure trove
 15222 | Trove    | Entered a treasure trove
 16139 | Lair:3   | Reached skill level 1 in Shields
 16203 | Lair:3   | Found a hole to the Spider Nest.
 16216 | Lair:3   | Reached skill level 5 in Fighting
 16466 | Lair:3   | Noticed Fannar
 16478 | Lair:3   | Killed Fannar
 16999 | Lair:3   | Reached skill level 5 in Shields
 17310 | Lair:3   | Noticed a seven-headed hydra
 17328 | Lair:3   | Killed a seven-headed hydra
 17460 | Lair:3   | Noticed a four-headed hydra
 17463 | Lair:3   | Noticed a four-headed hydra
 17639 | Lair:3   | Got a pitted long sword
 17642 | Lair:3   | Identified the +6 long sword "Siontoaf" {slice, MR+} (You found it on level 3 of the Lair of Beasts)
 17672 | Lair:3   | Found a staircase to the Shoals.
 17727 | Lair:3   | Killed a one-headed hydra
 17727 | Lair:3   | Reached XP level 13. HP: 77/83 MP: 14/19
 18071 | Lair:3   | Reached ****** piety under Uskayaw
 18185 | Lair:3   | Killed a one-headed hydra
 19518 | Lair:5   | Identified a +0 rod of inaccuracy (11/11) (You found it on level 3 of the Lair of Beasts)
 19605 | Lair:5   | Noticed a six-headed hydra
 19619 | Lair:5   | Killed a one-headed hydra
 20316 | Lair:5   | Reached skill level 10 in Long Blades
 20367 | Lair:5   | Found a staircase to the Slime Pits.
 20368 | Lair:5   | Found a viscous altar of Jiyva.
 20504 | Lair:6   | Entered Level 6 of the Lair of Beasts
 20605 | Lair:6   | Reached XP level 14. HP: 78/95 MP: 21/21
 20658 | Lair:6   | Reached skill level 10 in Invocations
 22387 | Lair:6   | Learned a level 1 spell: Apportation
 22585 | D:11     | Noticed Psyche
 22595 | D:11     | Killed Psyche
 22728 | D:11     | Found a labyrinth entrance.
 22763 | Lab      | Entered a labyrinth
 23239 | Lab      | Reached XP level 15. HP: 65/100 MP: 18/23
 23875 | D:11     | Noticed Harold
 23901 | D:11     | Killed Harold
 24409 | D:12     | Noticed Sonja
 24423 | D:12     | Found Cetal's Demolitions Depot.
 24445 | D:12     | Killed Sonja
 25164 | D:12     | Found a staircase to the Orcish Mines.
 25311 | Orc:1    | Entered Level 1 of the Orcish Mines
 25333 | Orc:1    | Noticed Erolcha
 25418 | Orc:1    | Killed Erolcha
 25418 | Orc:1    | Reached skill level 10 in Shields
 25452 | Orc:1    | Noticed Nergalle
 25462 | Orc:1    | Killed Nergalle
 25786 | Orc:1    | Found a roughly hewn altar of Beogh.
 25977 | Orc:2    | Entered Level 2 of the Orcish Mines
 27566 | Orc:2    | Found a staircase to the Elven Halls.
 28369 | Orc:2    | Found Oghysch's Armour Boutique.
 28369 | Orc:2    | Found Cuqeijag's General Store.
 28383 | Orc:2    | Bought a wand of teleportation (6/9) for 360 gold pieces
 28537 | Orc:2    | Found Posarir's Jewellery Boutique.
 28537 | Orc:2    | Found Wecorelu's Food Emporium.
 28566 | Orc:2    | Bought the brooch of Shielding {Reflect SH+8} for 576 gold pieces
 28586 | Orc:2    | Found a roughly hewn altar of Beogh.
 28627 | Orc:2    | Bought the +3 pair of gauntlets of War {Slay+5} for 522 gold pieces
 29072 | Orc:2    | Noticed an orc warlord
 29087 | Orc:2    | Killed an orc warlord
 29656 | D:12     | Found Baics's Book Shoppe.
 29662 | D:12     | Learned a level 2 spell: Blink
 29899 | D:13     | Reached skill level 1 in Translocations
 30046 | D:13     | Reached XP level 16. HP: 94/106 MP: 24/24
 30674 | D:13     | Found an ancient bone altar of Kikubaaqudgha.
 30795 | D:13     | Found a gate to the Vaults.
 31052 | D:14     | Noticed Kirke
 31200 | D:14     | Killed Kirke
 31264 | D:14     | Noticed Azrael
 31279 | D:14     | Killed Azrael
 31557 | D:14     | Found a glowing golden altar of the Shining One.
 32026 | D:15     | Entered Level 15 of the Dungeon
 32570 | D:15     | Found a staircase to the Depths.
 33097 | Spider:1 | Entered Level 1 of the Spider Nest
 33179 | Spider:1 | Reached skill level 1 in Slings
 33329 | Spider:1 | Reached skill level 5 in Slings
 33385 | Spider:1 | Reached XP level 17. HP: 45/111 MP: 26/26
 33598 | Spider:1 | Noticed Rupert
 33609 | Spider:1 | Killed Rupert
 34534 | Spider:2 | Reached skill level 5 in Translocations
 35828 | Spider:4 | Entered Level 4 of the Spider Nest
 36007 | Spider:4 | Noticed Louise
 36029 | Spider:4 | Killed Louise
 36643 | Spider:4 | Reached XP level 18. HP: 106/117 MP: 28/28
 37627 | Spider:4 | Reached skill level 1 in Spellcasting
 37863 | Spider:4 | Got a gossamer rune of Zot
 38549 | Shoals:1 | Entered Level 1 of the Shoals
 38687 | Shoals:1 | Reached skill level 15 in Long Blades
 38735 | Shoals:1 | Noticed Frances
 38751 | Shoals:1 | Gained mutation: You are clumsy. (Dex -2) [a neqoxec]
 38765 | Shoals:1 | Killed Frances
 39017 | Shoals:1 | Noticed a kraken
 39049 | Shoals:1 | Killed a kraken
 39161 | Shoals:1 | Noticed Aizul
 39196 | Shoals:1 | Killed Aizul
 39553 | Shoals:1 | Reached skill level 15 in Armour
 40138 | Shoals:2 | Reached XP level 19. HP: 28/124 MP: 29/29
 40648 | Shoals:2 | Noticed Polyphemus
 40651 | Shoals:2 | HP: 6/124 [Polyphemus/large rock (16)]
 40652 | Shoals:2 | Hit by a large rock thrown by Polyphemus

Skill      XL: |  1  2  3  4  5  6  7  8  9 10 11 12 13 14 15 16 17 18 |
---------------+-------------------------------------------------------+-----
Armour         | 1 2 3 4 6 7 9 10 11 12 13 14 15 | 15.0
Stealth        | 5 6 |  6.1
Dodging        | 2 3 4 6 7 9 10 12 13 | 13.3
Long Blades    | 1 3 5 6 8 9 10 11 12 14 15 | 15.2
Invocations    | 2 5 7 8 9 10 11 12 13 14 | 14.1
Fighting       | 6 8 9 |  9.3
Shields        | 6 8 9 10 11 12 13 | 13.1
Translocations | 1 4 6 7 |  7.0
Slings         | 6 |  6.3
Spellcasting   | 2 |  2.1
Short Blades   | |  2.4
Throwing       | |  2.0

Action                   |  1- 3 |  4- 6 |  7- 9 | 10-12 | 13-15 | 16-18 | 19-21 || total
-------------------------+-------+-------+-------+-------+-------+-------+-------++-------
Melee: Dagger            |   134 |   238 |   138 |   134 |   282 |   179 |       ||  1105
       Short sword       |       |       |   293 |   739 |   920 |       |       ||  1952
       Scimitar          |       |       |       |    11 |   403 |  1466 |    53 ||  1933
       Long sword        |       |       |       |       |   210 |    74 |       ||   284
 Fire: Blowgun           |     3 |       |     2 |       |       |     4 |       ||     9
Throw: Tomahawk          |       |       |     3 |       |       |       |       ||     3
 Cast: Blink             |       |       |       |       |       |     1 |       ||     1
       Apportation       |       |       |       |       |       |     1 |       ||     1
Invok: Stomp             |       |       |       |    23 |    45 |     7 |       ||    75
       Line Pass         |       |       |       |     2 |    21 |     4 |     1 ||    28
       Grand Finale      |       |       |       |       |     3 |     1 |       ||     4
 Abil: Evoke Flight      |       |       |       |       |       |     3 |       ||     3
Evoke: Wand              |       |       |       |     1 |     9 |    10 |       ||    20
  Use: Scroll            |       |     4 |     6 |    20 |    14 |    11 |     1 ||    56
       Potion            |       |       |     1 |    15 |     5 |     7 |       ||    28
 Stab: Sleeping          |     4 |    10 |    11 |     5 |       |       |       ||    30
       Distracted        |       |       |     1 |     3 |       |       |       ||     4
       Paralysed         |       |       |     3 |    19 |    93 |   131 |     2 ||   248
       Confused          |       |       |       |     1 |     9 |     1 |     1 ||    12
       Petrifying        |       |       |       |       |     4 |       |       ||     4
  Eat: Chunk             |     1 |     7 |    19 |    26 |    42 |    27 |     2 ||   124
       Fruit             |       |       |     1 |     1 |     2 |     5 |       ||     9
       Beef jerky        |       |       |       |     2 |     2 |     3 |       ||     7
       Pizza             |       |       |       |       |     7 |     3 |       ||    10
Armor: Robe              |     2 |       |       |       |       |       |       ||     2
       Leather armour    |    26 |    59 |       |       |       |       |       ||    85
       Ring mail         |       |     5 |    96 |       |       |       |       ||   101
       Scale mail        |       |       |     4 |   126 |       |       |       ||   130
       Chain mail        |       |       |       |   127 |   479 |   531 |     4 ||  1141
       Ice dragon scales |       |       |       |       |       |    33 |       ||    33
Dodge: Dodged            |    76 |   205 |   376 |   613 |   920 |   771 |    13 ||  2974
Block: Buckler           |       |       |       |    51 |   944 |  1654 |    35 ||  2684
       Reflection        |       |       |       |       |    58 |    76 |     4 ||   138
       Rpst.: Scimitar   |       |       |       |     1 |    60 |   135 |     1 ||   197
       Long sword        |       |       |       |       |    23 |    14 |       ||    37
